Map: Catalyst LE

Players

Cham - Winner!

  • Race: Zerg Zerg
  • Spawn Location: 11:00

GOStephano (Stephano)

  • Race: Zerg Zerg
  • Spawn Location: 5:00

Event: WCS Austin 2018

VOD

Have the link to the VOD?

Description

Time

  • Played on: June 1, 2018, 3:19 p.m.
  • Length: 10:50

All games in this series

Show
View Real Time Build Order
Export as new Build Order

Cham Zerg - Winner!

Build Orders: 1 Base Baneling Bust, Pool First, Zergling Baneling 

Get SALT Encoding   

  12  0:18  Spawning Pool  
  11  0:22  Drone  
  11  0:25  Extractor  
  11  0:29  Drone  
  12  0:40  Drone  
  13  0:44  Overlord  
  13  1:05  Zergling x6  
  16  1:16  Zergling x2  
  17  1:24  Metabolic Boost  
  17  1:27  Zergling x2  
  18  1:38  Zergling x2  
  19  1:45  Baneling Nest  
  18  1:48  Zergling x2  
  19  1:59  Zergling x2  
  20  2:14  Zergling x2  
  21  2:20  Zergling x2  
  22  2:30  Baneling x2  
  22  2:34  Hatchery  
  21  2:37  Baneling  
  21  2:45  Drone  
  20  2:55  Zergling x4  
  20  3:03  Zergling x2  
  20  3:21  Zergling x2  
  21  3:27  Baneling  
  21  3:32  Zergling x2  
  21  3:36  Baneling, Zergling x2  
  20  3:46  Queen  
  19  3:59  Baneling  
  19  4:00  Drone x2  
  21  4:09  Baneling  
  21  4:10  Drone  
  22  4:22  Hatchery  
  20  4:24  Zergling x2  
  20  4:40  Zergling x2  
  20  4:44  Zergling x2  
  21  4:52  Zergling x2  
  21  4:56  Baneling  
  21  4:58  Baneling  
  21  5:01  Overlord  
  21  5:12  Overlord  
  21  5:19  Queen  
  23  5:24  Drone  
  24  5:34  Drone  
  25  5:36  Drone  
  26  5:45  Drone  
  26  5:49  Drone  
  28  5:52  Baneling  
  28  5:54  Drone  
  29  6:03  Zergling x2  
  28  6:09  Drone x2  
  30  6:13  Drone, Zergling x2  
  30  6:14  Drone  
  30  6:17  Drone  
  33  6:21  Drone  
  33  6:24  Lair  
  34  6:27  Drone  
  34  6:29  Evolution Chamber  
  34  6:33  Drone, Roach Warren  
  34  6:36  Extractor  
  34  6:39  Overlord  
  33  6:43  Drone  
  34  6:50  Drone x2  
  34  6:51  Drone x4  
  40  6:55  Drone  
  40  6:58  Drone  
  40  7:00  Zerg Missile Weapons Level 1  
  42  7:04  Drone  
  42  7:06  Drone  
  44  7:11  Extractor  
  44  7:12  Drone  
  43  7:21  Drone x3, Glial Reconstitution  
  46  7:23  Drone x2  
  46  7:26  Drone x2  
  50  7:31  Drone  
  50  7:32  Drone  
  51  7:45  Queen  
  51  7:46  Overlord  
  51  7:52  Nydus Network  
  51  7:53  Zergling x2  
  51  7:56  Overlord  
  51  7:59  Overlord x2  
  51  8:06  Roach x4  
  59  8:20  Roach  
  59  8:23  Hatchery, Roach  
  59  8:24  Roach  
  64  8:32  Nydus Canal  
  64  8:34  Roach  
  64  8:35  Roach x2  
  64  8:37  Roach  
  72  8:41  Roach  
  72  8:42  Roach  
  72  8:46  Roach  
  78  8:50  Roach x2  
  78  8:51  Baneling x2  
  82  8:57  Queen  
  84  9:16  Queen  
  83  9:24  Overlord x3  
  83  9:30  Nydus Canal  
  83  9:34  Queen  
  83  9:35  Overlord  
  83  9:37  Roach  
  87  9:47  Roach x3  
  87  9:48  Roach x2  
  87  9:51  Roach x2  
  87  9:52  Queen  
  101  9:57  Roach  
  101  9:59  Roach  
  105  10:05  Roach  
  103  10:09  Queen  
  103  10:10  Roach x2  
  103  10:14  Nydus Canal  
  104  10:15  Roach  
  104  10:25  Roach x2  
Show
View Real Time Build Order
Export as new Build Order

GOStephano Zerg 

Build Orders: 1 Base Baneling Bust, Pool First 

Get SALT Encoding   

  12  0:00  Drone  
  13  0:12  Extractor  
  12  0:24  Spawning Pool  
  11  0:29  Drone  
  11  0:33  Drone  
  13  0:38  Drone  
  14  0:50  Overlord  
  14  1:11  Zergling x4  
  16  1:12  Zergling x2  
  16  1:13  Metabolic Boost  
  17  1:23  Zergling x2  
  18  1:33  Baneling Nest  
  18  1:34  Zergling x2  
  18  1:47  Zergling x2  
  18  1:50  Queen  
  21  1:59  Overlord  
  21  2:16  Baneling  
  21  2:17  Baneling  
  21  2:18  Drone  
  21  2:19  Drone  
  23  2:33  Zergling x2  
  24  2:47  Drone  
  23  2:56  Zergling x2  
  23  3:04  Zergling x6  
  25  3:19  Zergling x4  
  22  3:30  Zergling x2  
  19  3:35  Zergling x6  
  13  3:49  Zergling x2  
  13  3:55  Baneling x2  
  12  3:58  Zergling x2  
  13  4:06  Drone  
  14  4:14  Drone  
  15  4:20  Queen  
  16  4:36  Drone  
  17  4:41  Drone  
  17  4:47  Drone  
  17  4:59  Baneling  
  17  5:11  Hatchery  
  17  5:14  Drone  
  17  5:22  Baneling  
  17  5:23  Baneling  
  17  5:26  Zergling x4  
  19  5:31  Drone  
  19  5:35  Drone  
  21  5:43  Drone x2  
  23  5:51  Drone  
  24  6:00  Drone  
  23  6:10  Drone  
  23  6:21  Drone  
  23  6:24  Evolution Chamber  
  23  6:26  Queen  
  23  6:30  Zergling x4  
  27  6:36  Drone  
  28  6:42  Drone  
  29  6:47  Baneling  
  29  6:52  Drone x2  
  31  6:54  Zerg Ground Armor Level 1  
  32  7:01  Drone x4  
  32  7:04  Overlord  
  35  7:25  Drone x4  
  39  7:32  Hatchery  
  38  7:42  Drone x4  
  39  7:48  Baneling x2  
  39  7:50  Drone x3  
  42  7:58  Zergling x6  
  44  7:59  Overlord  
  44  8:03  Overlord  
  44  8:08  Overlord  
  44  8:11  Overlord  
  44  8:17  Queen  
  46  8:21  Zergling x8  
  50  8:27  Queen  
  50  8:29  Zergling x2  
  50  8:30  Zergling x2  
  54  8:36  Zergling x2  
  54  8:37  Zergling x6  
  58  8:43  Spore Crawler x2  
  58  8:45  Drone  
  58  8:47  Zergling x4  
  58  8:48  Zergling x2  
  60  8:54  Spine Crawler  
  60  8:55  Zergling x8  
  65  8:56  Zergling x2  
  65  8:58  Baneling x2  
  66  9:07  Zergling x2  
  66  9:08  Zergling x8  
  62  9:19  Zergling x4  
  62  9:20  Zergling x2  
  58  9:25  Zergling x10  
  58  9:29  Zergling x4  
  61  9:36  Zergling x2  
  61  9:37  Zergling x2  
  53  9:43  Spine Crawler  
  53  9:44  Spine Crawler x2, Zergling x2  
  50  9:47  Zergling x2  
  49  9:56  Zergling x6  
  42  10:15  Drone x4  
  43  10:23  Drone  
  42  10:28  Drone x2  
Tags
 
Add a new tag
Caveats
  • Supply blocks, unpowered buildings, or Contaminate may cause inaccurate times.
  • Supply counts are checked every 10 seconds.